 Dungeon Crawl Stone Soup version 0.20.1-1-g8b1a95d (webtiles) character file.

26157 grizmgrazm2 the Jinx (level 12, 0/74 HPs)
             Began as a Vampire Enchanter on Sept 16, 2017.
             Was a High Priest of Sif Muna.
             Slain by an eight-headed hydra (16 damage)
             ... on level 2 of the Lair of Beasts.
             The game lasted 01:12:45 (17729 turns).

grizmgrazm2 the Jinx (Vampire Enchanter)           Turns: 17729, Time: 01:12:46

Health: 0/74       AC: 12    Str:  7    XL:     12   Next: 95%
Magic:  25/35      EV: 23    Int: 22    God:    Sif Muna [*****.]
Gold:   781        SH:  6    Dex: 15    Spells: 11/32 levels left

rFire    . . .     SeeInvis +   e - +5 dagger (speed)
rCold    + + .     Gourm    .   g - +2 buckler
rNeg     + + +     Faith    .   R - +2 robe {MR+}
rPois    ∞         Spirit   .   w - +2 hat
rElec    .         Reflect  .   (no cloak)
rCorr    .         Harm     .   k - +1 pair of gloves
MR       ++...                  a - +0 pair of boots
Stlth    +++++++...             (no amulet)
Regen    0.0/turn               i - +6 ring of evasion
MPRegen  0.3/turn               v - ring of magical power

@: bloodless, non-regenerating
A: fangs 3, thin metallic scales 1, see invisible, shaggy fur 1, unbreathing
a: Bat Form, Divine Energy, Channel Magic, Forget Spell, Renounce Religion


You were on level 2 of the Lair of Beasts.
You worshipped Sif Muna.
Sif Muna was extremely pleased with you.
You were bloodless.

You visited 2 branches of the dungeon, and saw 13 of its levels.
You also visited: Bailey.

You collected 781 gold pieces.

Inventory:

Hand Weapons
 e - a +5 dagger of speed (weapon)
 p - a +1 dagger of venom
 J - a +0 dagger of chaos
Armour
 a - a +0 pair of boots (worn)
 g - a +2 buckler (worn)
 k - a +1 pair of gloves (worn)
 w - a +2 hat (worn)
 R - a +2 robe of magic resistance (worn)
Jewellery
 i - a +6 ring of evasion (left hand)
 q - an uncursed ring of fire
 v - a ring of magical power (right hand)
 z - an uncursed ring of protection from cold
 O - an uncursed ring of protection from magic
Wands
 f - a wand of disintegration (11/24)
 r - a wand of disintegration (18/24)
 y - a wand of acid (7/15)
 H - a wand of lightning (9/15)
 I - a wand of iceblast (8/15)
 L - a wand of flame (15/48)
 T - a wand of polymorph (3/24)
Scrolls
 d - 2 scrolls of amnesia
 h - 3 scrolls of identify
 j - a scroll of remove curse
 o - 5 scrolls of teleportation
 x - 4 scrolls of fog
 Q - a scroll of fear
Potions
 b - 20 potions of blood
 u - a potion of curing
 B - 4 potions of might {unknown}
 D - a potion of experience {unknown}
 G - 2 potions of brilliance {unknown}
Books
 c - a book of Maledictions

   Spells                             Type                      Level
   a - Corona                         Hexes                        1
   b - Ensorcelled Hibernation        Hexes/Ice                    2
   c - Confuse                        Hexes                        3
   d - Tukima's Dance                 Hexes                        3
   e - Dazzling Spray                 Conjuration/Hexes            3
 l - a book of Necromancy

   Spells                             Type                      Level
   a - Pain                           Necromancy                   1
   b - Animate Skeleton               Necromancy                   1
   c - Vampiric Draining              Necromancy                   3
   d - Regeneration                   Charms/Necromancy            3
   e - Animate Dead                   Necromancy                   4
   f - Control Undead                 Necromancy                   4
 F - a book of Cantrips

   Spells                             Type                      Level
   a - Confusing Touch                Hexes                        1
   b - Animate Skeleton               Necromancy                   1
   c - Summon Small Mammal            Summoning                    1
   d - Apportation                    Translocation                1


   Skills:
 + Level 8.2 Short Blades
 + Level 8.7 Dodging
 + Level 13.0 Stealth
 - Level 2.1 Shields
 * Level 10.7 Spellcasting
 * Level 14.7 Hexes
 + Level 2.8 Summonings
 + Level 2.4 Necromancy
 + Level 2.4 Translocations
 + Level 6.0 Ice Magic


You had 11 spell levels left.
You knew the following spells:

 Your Spells              Type           Power        Failure   Level  Hunger
a - Ensorcelled Hibernat  Hex/Ice        ######       1%          2    None
b - Confuse               Hex            ######..     1%          3    None
c - Tukima's Dance        Hex            ######..     1%          3    None
d - Passage of Golubria   Tloc           N/A          26%         4    #......
e - Summon Small Mammal   Summ           ###.         2%          1    None
f - Animate Skeleton      Necr           N/A          2%          1    None
g - Animate Dead          Necr           N/A          26%         4    #......
h - Vampiric Draining     Necr           ###.......   8%          3    None


Dungeon Overview and Level Annotations

Branches:
Dungeon (10/15)            Temple (0/1) D:6            Lair (3/6) D:10
  Swamp (0/4) Lair:2       Spider (0/4) Lair:3
    Orc: D:9-12

Altars:
Cheibriados
Fedhas
Hepliaklqana
Kikubaaqudgha
Makhleb
Nemelex Xobeh
Okawaru
Qazlal
Ru
Sif Muna
Trog
Vehumet
Xom

Shops:
D:4 =   D:8 =

Portals:
Trove: D:10 (give +7 demon trident)

Annotations:
D:5 Blork the orc
Lair:2 exclusion: oklob plant


Innate Abilities, Weirdness & Mutations

You do not heal naturally.
You are immune to poison.
You have razor-sharp teeth.
You have supernaturally acute eyesight. (SInv)
You can survive without breathing.
You are partially covered in thin metallic scales. (AC +2)
You are covered in fur. (AC +1)


Message History

You block the eight-headed hydra's attack.
The eight-headed hydra misses you. The eight-headed hydra bites you!
The eight-headed hydra misses you.
You feel much better.
The eight-headed hydra bites you but does no damage.
The eight-headed hydra bites you. x2; The eight-headed hydra bites you!
The eight-headed hydra bites you but does no damage.
The eight-headed hydra bites you. The eight-headed hydra bites you!
* * * LOW HITPOINT WARNING * * *
The eight-headed hydra misses you.
Casting: Ensorcelled Hibernation
Confirm with . or Enter, or press ? or * to list all spells.
Aiming: Confuse
Press: ? - help, Shift-Dir - straight line, f/p - eight-headed hydra
Aim: an eight-headed hydra (chance to defeat MR: 47%)
The eight-headed hydra resists with some effort.
The eight-headed hydra closely misses you.
The eight-headed hydra barely misses you.
The eight-headed hydra bites you!
You die...

# #..# #### #.%.# ##..####. ###
#..####.P###.>.#####....##.#
.P####.....P..##...##...#P...#.##
.................................
......F..........................
#..##.##.............#....##.##[.
#...#####.........####..#########
#..## ###.........###..# ### #
#..## #........@.###...#####.###
#...######......D.####..##..#..##
........)........>...............
........................P........
#.##..P##.#......................
.##...####.............###.......
###...## #............##.##..#P..
.##....# #............##..######.
.###..P####...........#..P# ##


You could see an eight-headed hydra.

Vanquished Creatures
  Gastronok (D:9)
  Erolcha (D:9)
  2 hydras (Lair:3)
  A catoblepas (Lair:2)
  3 two-headed ogres
  The ghost of kaze the Cleaver, a novice GrFi (D:9)
  Pikel (D:7)
  3 orc knights (Bailey)
  A black mamba (Lair:2)
  Joseph (D:8)
  Psyche (D:8)
  4 spiny frogs
  2 rime drakes (Lair:3)
  A komodo dragon (Lair:3)
  A wandering mushroom (Lair:2)
  2 queen bees (D:9)
  2 polar bears (Lair:2)
  3 trolls
  3 blink frogs (Lair:3)
  Grinder (D:4)
  A hornet (D:8)
  3 hippogriffs
  A tarantella (Lair:3)
  6 yaks (D:9)
  A wyvern (D:8)
  4 vampire mosquitoes (Lair:2)
  Edmund (D:4)
  6 water moccasins
  6 porcupines
  A hornet zombie (D:10)
  A sky beast (D:5)
  11 orc warriors
  A black bear (Lair:2)
  8 ogres
  2 ice beasts
  2 necrophages
  A phantom (D:8)
  9 centaurs
  A crocodile (Lair:2)
  A big kobold (D:7)
  4 bullfrogs
  A wyvern skeleton (D:9)
  5 scorpions
  50 killer bees
  14 wights
  2 electric eels (Lair:2)
  A howler monkey (D:9)
  4 crimson imps
  A bullfrog zombie (D:5)
  4 hounds
  5 jellies
  13 orc wizards
  14 orc priests
  Ijyb (D:4)
  4 bullfrog skeletons
  2 centaur skeletons (D:4)
  An iguana (D:9)
  9 worker ants
  2 hound zombies
  Robin (D:4)
  15 adders
  4 gnolls
  8 shadow imps
  An ooze (D:2)
  An adder zombie (D:8)
  2 adder skeletons (D:2)
  3 worms
  5 dart slugs
  4 leopard geckos
  66 orcs
  6 giant cockroaches
  14 goblins
  14 hobgoblins
  A jackal (D:9)
  3 quokkas
  A ball python (D:3)
  A ball python zombie (D:2)
  9 bats
  3 frilled lizards
  9 kobolds
  A leopard gecko skeleton (D:7)
  2 leopard gecko zombies (D:2)
  6 rats
  2 butterflies (D:3)
421 creatures vanquished.

Vanquished Creatures (others)
  A hungry ghost (D:8)
  4 fungi (Lair:2)
  6 plants (Lair:2)
11 creatures vanquished.

Grand Total: 432 creatures vanquished

Notes
Turn   | Place    | Note
-------+----------+-------------------------------------------
     0 | D:1      | grizmgrazm2 the Vampire Enchanter began the quest for the Orb.
     0 | D:1      | Reached XP level 1. HP: 13/13 MP: 3/3
     7 | D:1      | Gained mutation: You are dopey. (Int -2) [potion of mutation]
     7 | D:1      | Gained mutation: You occasionally shout uncontrollably at your foes. [potion of mutation]
     7 | D:1      | Gained mutation: Your spells are a little harder to cast, but a little more powerful. [potion of mutation]
     7 | D:1      | Gained mutation: You evolve. [potion of mutation]
     8 | D:1      | Lost mutation: You are dopey. (Int -2) [potion of mutation]
     8 | D:1      | Lost mutation: You occasionally shout uncontrollably at your foes. [potion of mutation]
     8 | D:1      | Lost mutation: You evolve. [potion of mutation]
     8 | D:1      | Lost mutation: Your spells are a little harder to cast, but a little more powerful. [potion of mutation]
     8 | D:1      | Gained mutation: You are partially covered in thin metallic scales. (AC +2) [potion of mutation]
     8 | D:1      | Gained mutation: You are covered in fur. (AC +1) [potion of mutation]
   505 | D:1      | Reached XP level 2. HP: 19/19 MP: 3/5
   509 | D:1      | Learned a level 2 spell: Ensorcelled Hibernation
  1491 | D:2      | Reached skill level 1 in Ice Magic
  1539 | D:2      | Reached XP level 3. HP: 24/24 MP: 3/6
  1551 | D:2      | Reached skill level 1 in Shields
  1619 | D:2      | Learned a level 3 spell: Confuse
  1908 | D:2      | Reached XP level 4. HP: 14/30 MP: 2/7
  2203 | D:2      | Reached skill level 5 in Hexes
  3093 | D:3      | Reached XP level 5. HP: 35/35 MP: 2/9
  3252 | D:3      | Found a shimmering altar of Xom.
  3348 | D:3      | Found a snail-covered altar of Cheibriados.
  3822 | D:3      | Reached skill level 5 in Stealth
  4086 | D:4      | Found a sparkling altar of Nemelex Xobeh.
  4108 | D:4      | Found an iron altar of Okawaru.
  4178 | D:4      | Reached XP level 6. HP: 34/41 MP: 4/11
  4281 | D:4      | Noticed Edmund
  4310 | D:4      | Killed Edmund
  4400 | D:4      | Noticed Ijyb
  4412 | D:4      | Killed Ijyb
  4446 | D:4      | Noticed Robin
  4463 | D:5      | Entered Level 5 of the Dungeon
  4722 | D:4      | Killed Robin
  4722 | D:4      | Reached skill level 6 in Hexes
  4728 | D:4      | Reached XP level 7. HP: 46/46 MP: 7/13
  4827 | D:4      | Found a deep blue altar of Sif Muna.
  4828 | D:4      | Noticed Grinder
  4848 | D:4      | Killed Grinder
  4858 | D:4      | Became a worshipper of Sif Muna the Loreminder
  4888 | D:4      | Learned a level 3 spell: Tukima's Dance
  4929 | D:4      | Found a burning altar of Makhleb.
  5253 | D:4      | Found a stormy altar of Qazlal.
  5254 | D:4      | Noticed a fire elemental
  5256 | D:4      | Noticed a water elemental
  5256 | D:4      | Noticed an air elemental
  5266 | D:4      | Found Hitib's Jewellery Emporium.
  5641 | D:5      | Reached skill level 5 in Spellcasting
  5641 | D:5      | Reached XP level 8. HP: 52/52 MP: 13/15
  5892 | D:5      | Reached skill level 7 in Hexes
  5905 | D:5      | Found a sacrificial altar of Ru.
  6720 | D:5      | Reached * piety under Sif Muna
  6722 | D:5      | Noticed Blork the orc
  7634 | D:5      | Reached ** piety under Sif Muna
  7634 | D:5      | Reached XP level 9. HP: 57/57 MP: 12/18
  7752 | D:5      | Reached skill level 5 in Ice Magic
  7785 | D:6      | Found a staircase to the Ecumenical Temple.
  7863 | D:6      | Reached skill level 8 in Hexes
  8844 | D:6      | Found a hazy altar of Hepliaklqana.
  9150 | D:6      | Reached skill level 5 in Dodging
  9162 | D:6      | Noticed a troll
  9170 | D:6      | Killed a troll
  9269 | D:7      | Found a flagged portal.
  9293 | Bailey   | Entered a bailey
  9314 | Bailey   | Reached skill level 9 in Hexes
  9858 | Bailey   | Noticed an orc knight
  9858 | Bailey   | Noticed an orc knight
  9858 | Bailey   | Noticed an orc knight
  9882 | Bailey   | Reached *** piety under Sif Muna
 10068 | Bailey   | Noticed an orc knight
 10117 | Bailey   | Killed an orc knight
 10117 | Bailey   | Reached skill level 10 in Hexes
 10117 | Bailey   | Reached XP level 10. HP: 54/63 MP: 21/21
 10148 | Bailey   | Killed an orc knight
 10148 | Bailey   | Reached skill level 10 in Stealth
 10435 | Bailey   | Killed an orc knight
 10435 | Bailey   | Reached skill level 5 in Short Blades
 10505 | Bailey   | Noticed an orc knight
 10505 | Bailey   | Noticed an orc knight
 11179 | D:7      | Found an ancient bone altar of Kikubaaqudgha.
 11282 | D:7      | Reached skill level 11 in Hexes
 11612 | D:8      | Noticed Pikel
 11612 | D:8      | Noticed Joseph
 11621 | D:7      | Killed Pikel
 11664 | D:8      | Killed Joseph
 11706 | D:8      | Noticed Psyche
 11713 | D:8      | Killed Psyche
 11750 | D:8      | Found Yteatsie's Jewellery Boutique.
 11799 | D:8      | Reached **** piety under Sif Muna
 11828 | D:8      | Found a radiant altar of Vehumet.
 12021 | D:8      | Reached XP level 11. HP: 68/68 MP: 23/23
 12096 | D:8      | Noticed a two-headed ogre
 12099 | D:8      | Killed a two-headed ogre
 12234 | D:9      | Reached skill level 12 in Hexes
 12671 | D:9      | Noticed Erolcha
 12678 | D:9      | Killed Erolcha
 12774 | D:9      | Reached ***** piety under Sif Muna
 12888 | D:9      | Noticed Gastronok
 12915 | D:9      | Killed Gastronok
 12915 | D:9      | Reached skill level 13 in Hexes
 12966 | D:9      | Identified Gemuzierch's Volume of the Quantum Arsonist (Sif Muna gifted it to you on level 9 of the Dungeon)
 12966 | D:9      | Received a gift from Sif Muna
 12975 | D:9      | Learned a level 4 spell: Passage of Golubria
 13008 | D:9      | Noticed kaze's ghost (novice GrFi)
 13035 | D:9      | Killed kaze's ghost
 13205 | D:9      | Found a blossoming altar of Fedhas.
 13349 | D:9      | Reached skill level 10 in Spellcasting
 13357 | D:9      | Reached XP level 12. HP: 59/74 MP: 9/26
 13693 | D:9      | Found a bloodstained altar of Trog.
 13832 | D:10     | Entered Level 10 of the Dungeon
 13832 | D:10     | Noticed a two-headed ogre
 13842 | D:10     | Killed a two-headed ogre
 13842 | D:10     | Reached skill level 1 in Translocations
 13880 | D:10     | Noticed a two-headed ogre
 13882 | D:10     | Killed a two-headed ogre
 13997 | D:10     | Learned a level 1 spell: Summon Small Mammal
 14242 | D:10     | Found a staircase to the Lair.
 14346 | D:10     | Found a portal to a secret trove of treasure.
 14514 | Lair:1   | Entered Level 1 of the Lair of Beasts
 14653 | Lair:1   | Found a hazy altar of Hepliaklqana.
 14840 | Lair:1   | Reached skill level 14 in Hexes
 14840 | Lair:1   | Reached skill level 1 in Summonings
 15296 | Lair:1   | Learned a level 1 spell: Animate Skeleton
 15607 | Lair:2   | Found a staircase to the Swamp.
 16061 | Lair:2   | Noticed an eight-headed hydra
 16066 | Lair:2   | Noticed a catoblepas
 16572 | Lair:3   | Noticed a seven-headed hydra
 16578 | Lair:3   | Killed a seven-headed hydra
 16578 | Lair:3   | Reached skill level 1 in Necromancy
 16587 | Lair:3   | Noticed an eight-headed hydra
 16593 | Lair:3   | Killed an eight-headed hydra
 16776 | Lair:3   | Found a hole to the Spider Nest.
 16889 | Lair:3   | Received a gift from Sif Muna
 16896 | Lair:3   | Learned a level 4 spell: Animate Dead
 16900 | Lair:3   | Learned a level 3 spell: Vampiric Draining
 17567 | Lair:2   | Killed a catoblepas
 17729 | Lair:2   | Slain by an eight-headed hydra

Skill      XL: |  1  2  3  4  5  6  7  8  9 10 11 12 |
---------------+-------------------------------------+-----
Ice Magic      | 1 2 3 4 5 6 |  6.0
Shields        | 1 2 |  2.1
Hexes          | 5 6 7 10 11 13 14 | 14.7
Stealth        | 5 6 8 9 11 12 13 | 13.0
Spellcasting   | 3 4 5 6 7 8 10 | 10.7
Short Blades   | 2 3 4 6 7 8 |  8.2
Dodging        | 3 4 5 6 7 8 |  8.7
Translocations | 2 |  2.4
Summonings     | 2 |  2.8
Necromancy     | 2 |  2.4

Action                   |  1- 3 |  4- 6 |  7- 9 | 10-12 || total
-------------------------+-------+-------+-------+-------++-------
Melee: Dagger            |   120 |   276 |   265 |   410 ||  1071
       Bite              |     7 |    21 |    23 |    27 ||    78
 Cast: Corona            |     6 |       |       |       ||     6
       Ensorcelled Hiber |    24 |    59 |   128 |   194 ||   405
       Confuse           |       |    11 |    35 |    56 ||   102
       Summon Small Mamm |       |       |       |    20 ||    20
       Vampiric Draining |       |       |       |     3 ||     3
 Abil: End Transformatio |     2 |       |     3 |     3 ||     8
       Bat Form          |     2 |       |     3 |     3 ||     8
Evoke: Wand              |       |     9 |     2 |     7 ||    18
  Use: Potion            |     5 |     6 |     7 |     6 ||    24
       Scroll            |     4 |     2 |    12 |    17 ||    35
 Stab: Sleeping          |    21 |    43 |    91 |   161 ||   316
       Confused          |       |    11 |    27 |    41 ||    79
       Paralysed         |       |     2 |       |       ||     2
       Distracted        |       |       |       |     1 ||     1
  Eat: Corpse            |       |     1 |     1 |       ||     2
Armor: Robe              |    32 |    55 |    20 |    43 ||   150
Dodge: Dodged            |   102 |   170 |   295 |   280 ||   847
Block: Buckler           |    15 |    52 |    78 |    93 ||   238
